[Event "*** SCC Grand Prix: Titled Tuesday Blitz"]
[Site "Chess.com"]
[Date "2020.10.06"]
[Round "2"]
[White "DrMamaliga"]
[Black "hungrycaterpillar4"]
[Result "0-1"]
[WhiteElo "2327"]
[BlackElo "2611"]
[TimeControl "180+1"]
[EndTime "10:17:47 PDT"]
[Termination "hungrycaterpillar4 won on time"]

1. c4 c6 2. Nf3 d5 3. e3 Nf6 4. Nc3 e6 5. b3 Bd6 6. Bb2 O-O 7. d4 Nbd7 8. Bd3 b6 9. O-O Bb7 10. Qe2 Qe7 11. e4 dxe4 12. Nxe4 Nxe4 13. Bxe4 f5 14.
Bd3 c5 15. Rfe1 Rae8 16. Rad1 Kh8 17. Ne5 Nxe5 18. dxe5 Bb8 19. f4 g5 20. fxg5 Qxg5 21. Bc1 Qh4 22. Qf2 Qg4 23. Be2 Qg7 24. Bf3 Bxf3 25.
Qxf3 Bxe5 26. Be3 Bd4 27. g3 e5 28. Kh1 h6 29. Rf1 Kh7 30. Rde1 Qd7 31. Qg2 Bxe3 32. Rxe3 e4 33. Qf2 Qd4 34. Re2 Rd8 35. Qf4 Qd3 36.
Ree1 Qd6 37. Qh4 Qf6 38. Qh3 Qg5 39. Qg2 Rd2 40. Rf2 Rfd8 41. Ref1 e3 42. Re2 Rxe2 43. Qxe2 Rd2 44. Qe1 Qh5 45. h4 Qg4 0-1

[Event "*** SCC Grand Prix: Titled Tuesday Blitz"]
[Site "Chess.com"]
[Date "2020.10.06"]
[Round "2"]
[White "The_Machine04"]
[Black "Sergey85Rodchenkov"]
[Result "1-0"]
[WhiteElo "2308"]
[BlackElo "2458"]
[TimeControl "180+1"]
[EndTime "10:17:47 PDT"]
[Termination "The_Machine04 won by checkmate"]

1. d4 Nf6 2. Bg5 c5 3. Bxf6 gxf6 4. d5 d6 5. c4 f5 6. Nc3 Bg7 7. Qc2 e6 8. e3 Na6 9. a3 Nc7 10. Rd1 Qe7 11. Nh3 O-O 12. Be2 a6 13. O-O Rb8 14. b4 b6 15. Nf4 Kh8 16. Kh1 Rg8 17. Rb1 Bd7 18. Rfd1 e5 19. Nh5 Bh6 20. bxc5 bxc5 21. Rxb8 Rxb8 22. Rb1 Rg8 23. Rb7 Bc8 24. Ra7 Qg5 25.
g3 Ne8 26. Rxf7 Ng7 27. Nxg7 Bxg7 28. Bd3 e4 29. Be2 Qg6 30. Rc7 Be5 31. Bf1 Qe8 32.
Ne2 Qd8 33. Rf7 Qa5 34. Qd1 Qxa3 35. Nf4 Qb2 36. Qh5 Rg7 37. Rf8+ Rg8 38. Rxg8+ Kxg8 39. Qe8+ Kg7 40. Nh5+ Kh6 41. Kg1 Qb7 42. Be2 Qd7 43.
Qf8+ Kg6 44. Qg8+ Kh6 45. h4 a5 46. Qg5# 1-0

[Event "*** SCC Grand Prix: Titled Tuesday Blitz"]
[Site "Chess.com"]
[Date "2020.10.06"]
[Round "2"]
[White "PavelChernomordik"]
[Black "xamax2000"]
[Result "0-1"]
[WhiteElo "2354"]
[BlackElo "2670"]
[TimeControl "180+1"]
[EndTime "10:17:49 PDT"]
[Termination "xamax2000 won on time"]

1. e4 c5 2. Nc3 d6 3. f4 g6 4. Nf3 Bg7 5. Bb5+ Bd7 6. Bxd7+ Qxd7 7. O-O Nc6 8. d3 Nh6 9. h3 f5 10. Be3 O-O 11. Qe1 Nd4 12. Qf2 fxe4 13. dxe4 e5 14. Nd5 Kh8 15. Qd2 Nxf3+ 16. Rxf3 exf4 17. Bxf4 Bxb2 18. Rb1 Bd4+ 19. Kh1 Nf7 20. Rbf1 Bg7 21. Qf2 Rae8 22. Qg3 Kg8 23. Bg5 Nxg5 24. Qxg5 Rxf3 25. Rxf3 Rxe4 26. Nf6+ Bxf6 27. Qxf6 Re8 28. h4 Qe7 29. Qf4 Qe1+ 30. Kh2 Qe5 31. Kg3 Qxf4+ 32. Rxf4 d5 0-1

[Event "*** SCC Grand Prix: Titled Tuesday Blitz"]
[Site "Chess.com"]
[Date "2020.10.06"]
[Round "2"]
[White "KarstenHansch"]
[Black "novocane"]
[Result "1-0"]
[WhiteElo "2465"]
[BlackElo "2277"]
[TimeControl "180+1"]
[EndTime "10:17:50 PDT"]
[Termination "KarstenHansch won on time"]

1. e4 c5 2. Nf3 Nc6 3. Bb5 Nf6 4. e5 Nd5 5. O-O g6 6. Nc3 Nc7 7. Bxc6 dxc6 8. Ne4 Ne6 9. d3 Bg7 10. Re1 O-O 11. Be3 b6 12. Qd2 Re8 13. Bh6 Bh8 14. Neg5 Nxg5 15. Nxg5 f6 16. Ne4 fxe5 17. h4 Bf5 18. h5 Qd5 19. Qg5 c4 20. Rad1 Rad8 21. Ng3 Qf7 22. dxc4 Rxd1 23. Rxd1 Bf6 24. Qd2 Qxc4 25.
Nxf5 gxf5 26. Qd7 Qf7 27. Qxf5 e6 28. Qg4+ Kh8 29. Rd6 Bg7 30. Be3 h6 31. Qd1 e4 32.
Rd7 Re7 33. Rd8+ Re8 34. c3 Rxd8 35. Qxd8+ Qf8 36. Qd7 c5 37. Qxe6 1-0

[Event "*** SCC Grand Prix: Titled Tuesday Blitz"]
[Site "Chess.com"]
[Date "2020.10.06"]
[Round "2"]
[White "nrvisakh"]
[Black "vaishali2001"]
[Result "1-0"]
[WhiteElo "2791"]
[BlackElo "2523"]
[TimeControl "180+1"]
[EndTime "10:17:51 PDT"]
[Termination "nrvisakh won by resignation"]

1. e4 e6 2. d4 d5 3. e5 c5 4. c3 Nc6 5. Nf3 Qb6 6. a3 c4 7. Be2 Bd7 8. O-O Na5 9. Nbd2 Ne7 10. Qe1 Qc7 11. Bd1 Nc8 12. Bc2 Nb6 13. a4 Be7 14. h3 O-O-O 15. b4 cxb3 16. Nxb3 Nbc4 17. Bg5 f6 18. Bf4 f5 19. Bg5 Bc6 20. Nc5 Bxc5 21. Bxd8 Qxd8 22. dxc5 g5 23. Nd4 Bd7 24. Nb5 Kb8 25.
Nd6 Rg8 26. Bd3 Nxd6 27. exd6 g4 28. hxg4 Rxg4 29. f3 Rg6 30. Bb5 Nc6 31. Bxc6 Bxc6 32. Qe5 a6 33. Ra2 Qh4 34. d7+ Ka7 35. Qc7 Rg8 36.
Rb1 Qe7 37. Rab2 Qxc5+ 38. Kh1 Rb8 39. Qxb8+ Kxb8 40. d8=Q+ Ka7 41. Qb6+ Qxb6 42. Rxb6 e5 43. a5 d4 44. cxd4 exd4 45. Kg1 1-0

[Event "*** SCC Grand Prix: Titled Tuesday Blitz"]
[Site "Chess.com"]
[Date "2020.10.06"]
[Round "2"]
[White "NewBornNow"]
[Black "Juanovic"]
[Result "1-0"]
[WhiteElo "2629"]
[BlackElo "2130"]
[TimeControl "180+1"]
[EndTime "10:17:51 PDT"]
[Termination "NewBornNow won by resignation"]

1. e4 c5 2. Nf3 d6 3. d4 cxd4 4. Nxd4 Nf6 5. Nc3 g6 6. Be3 Bg7 7. f3 Nc6 8. Qd2 O-O 9. Bc4 Bd7 10. Bb3 Rc8 11. O-O-O Ne5 12. Kb1 Nc4 13. Bxc4 Rxc4 14. g4 b5 15. b3 Rc5 16. Ne6 fxe6 17. Bxc5 Qa5 18. Bd4 Qa3 19. e5 dxe5 20. Bxe5 Bc6 21. Qe2 Kh8 22. g5 Nh5 23. Bxg7+ Nxg7 24. Rhf1 Qc5 25.
Ne4 Qf5 26. h4 a6 27. Qe3 Bd5 28. Qc3 Kg8 29. Rde1 Nh5 30. Qc7 Rf7 31. Ng3 Nxg3 32. Qxg3 a5 33. f4 a4 34. Re5 Qxe5 35. fxe5 Rxf1+ 36. Kb2 Rf3 37. Qe1 axb3 38. axb3 Rf4 39. Qa5 b4 40. Qd8+ Kf7 41. Qb6 Rf5 42. Qd4 Rf3 43. Qxb4 Rf2 44. Qd4 Rf5 45. c4 1-0

[Event "*** SCC Grand Prix: Titled Tuesday Blitz"]
[Site "Chess.com"]
[Date "2020.10.06"]
[Round "2"]
[White "icychess54"]
[Black "ChainsOfFantasia"]
[Result "0-1"]
[WhiteElo "2251"]
[BlackElo "2456"]
[TimeControl "180+1"]
[EndTime "10:17:51 PDT"]
[Termination "ChainsOfFantasia won on time"]

1. c4 Nf6 2. Nf3 e6 3. Nc3 d5 4. e3 Be7 5. Be2 O-O 6. O-O b6 7.
b3 Bb7 8. Bb2 c5 9. cxd5 Nxd5 10. Nxd5 Qxd5 11. Qc2 Nc6 12. a3 Rfd8 13. Rfd1 Rac8 14.
Qc4 Qxc4 15. Bxc4 Na5 16. d3 Nxc4 17. dxc4 Be4 18. Ne1 Kf8 19. f3 Bc6 20. Kf2 f6 21. e4 Bd6 22. g3 Bc7 23. Ke3 h5 24. Nd3 Rd7 25. Rd2 Rcd8 26. Rad1 Ke7 27. e5 f5 28. Nf4 Rxd2 29. Rxd2 Rxd2 30. Kxd2 Bxf3 31. h4 Kd7 32. Nh3 Bg4 33. Ng5 a6 34. a4 Bd8 35. Bc3 Bc7 36. Nh7 Bf3 37. Ng5 Bc6 38. Ke3 b5 39. axb5 axb5 40. cxb5 Bxb5 41. Nf3 Bb6 42. Kf4 Be2 43.
Ng1 Bd1 44. Nf3 Bxb3 45. Kg5 c4 46. Nd2 Bd1 47. Kg6 Be2 48. Kxg7 Bf2 49. Kf6 Bxg3 50. Kg5 f4 51. Ne4 Bh2 52. Bd2 f3 53. Nf2 Bxe5 0-1

[Event "*** SCC Grand Prix: Titled Tuesday Blitz"]
[Site "Chess.com"]
[Date "2020.10.06"]
[Round "2"]
[White "Sven_Tica"]
[Black "MVM2008"]
[Result "1-0"]
[WhiteElo "2642"]
[BlackElo "2215"]
[TimeControl "180+1"]
[EndTime "10:17:52 PDT"]
[Termination "Sven_Tica won by resignation"]

1. d4 Nf6 2. c4 e6 3. g3 c5 4. d5 exd5 5. cxd5 d6 6. Nc3 g6 7.
Bg2 Bg7 8. Nf3 O-O 9. O-O a6 10. a4 Bg4 11. Bf4 Nh5 12. Be3 Nd7 13. Nd2 Re8 14.
Nc4 Ne5 15. Nxe5 Rxe5 16. Qd2 Qe7 17. h3 Bd7 18. Bh6 Qf8 19. Bxg7 Qxg7 20. Ne4 Qf8 21.
g4 f5 22. Nxc5 dxc5 23. gxh5 gxh5 24. Qg5+ Qg7 25. Qxh5 Rxd5 26. Kh2 Rd6 27. Bxb7 Rb8 28. Rg1 Rg6 29. Bd5+ Kf8 30. Rxg6 hxg6 31. Qf3 Qe5+ 32. Kg2 Rxb2 33. Rc1 Qd6 34. e4 Rb8 35. Rd1 Qf6 36. Bc4 Kg7 37. Rxd7+ Kh6 38. Qf4+ g5 39. Qxb8 f4 40. Rd6 f3+ 41. Kg3 Kh5 42. Rxf6 1-0

[Event "*** SCC Grand Prix: Titled Tuesday Blitz"]
[Site "Chess.com"]
[Date "2020.10.06"]
[Round "2"]
[White "chessmachine14"]
[Black "ErikRonka"]
[Result "1-0"]
[WhiteElo "2279"]
[BlackElo "2441"]
[TimeControl "180+1"]
[EndTime "10:17:53 PDT"]
[Termination "chessmachine14 won by resignation"]

1. e4 g6 2. d4 Bg7 3. Nc3 d6 4.
f4 Nf6 5. Nf3 O-O 6. Bd3 Nc6 7.
O-O Bg4 8. Be3 e5 9. dxe5 dxe5 10. f5 gxf5 11. exf5 e4 12. Nxe4 Nxe4 13. Bxe4 Bxb2 14.
Bd3 Bxa1 15. Qxa1 Bxf3 16. Rxf3 f6 17. Bh6 Rf7 18. Bc4 Qd4+ 19. Qxd4 Nxd4 20. Rf4 Ne2+ 21. Bxe2 Re7 22. Bc4+ Kh8 23. Kf2 Rd8 24. Rg4 c6 25. Be6 b5 26. Be3 a5 27. Bc5 Rg7 28. Rh4 Rd2+ 29. Kf3 Rxc2 30. Bd4 Rd2 31. Bxf6 Rd3+ 32.
Ke4 Ra3 33. Bxg7+ Kxg7 34. Ke5 Re3+ 35. Kd6 Re2 36. Ke7 Rxg2 37. f6+ Kh8 38. f7 1-0

[Event "*** SCC Grand Prix: Titled Tuesday Blitz"]
[Site "Chess.com"]
[Date "2020.10.06"]
[Round "2"]
[White "Smile2005"]
[Black "mr65"]
[Result "1-0"]
[WhiteElo "2406"]
[BlackElo "2156"]
[TimeControl "180+1"]
[EndTime "10:17:53 PDT"]
[Termination "Smile2005 won by resignation"]

1. Nf3 Nf6 2. g3 g6 3. Bg2 Bg7 4. O-O O-O 5. d3 d6 6. Nc3 e5 7. a3 Nc6 8. b4 a5 9. b5 Ne7 10.
e4 b6 11. a4 Bb7 12. Ne2 Nd7 13. c4 f5 14. Ng5 Nc5 15. Ba3 h6 16. Bxc5 hxg5 17.
Ba3 f4 18. f3 g4 19. fxg4 g5 20. Nc3 Ng6 21. Nd5 Bxd5 22. exd5 e4 23. Bxe4 Bxa1 24.
Qxa1 Ne5 25. Bf5 fxg3 26. hxg3 Kg7 27. Bb2 Qf6 28. Qc1 Rae8 29. Qd2 Re7 30. Rf2 Rh8 31. Bd4 Qh6 32. Kf1 Qh1+ 33. Ke2 Qh6 34. Be6 Rf8 35. Bxe5+ dxe5 36. Rxf8 Kxf8 37. Qe3 Rxe6 38.
dxe6 Qxe6 39. Qxg5 e4 40. Qf5+ Qxf5 41. gxf5 exd3+ 42. Kxd3 1-0

[Event "*** SCC Grand Prix: Titled Tuesday Blitz"]
[Site "Chess.com"]
[Date "2020.10.06"]
[Round "2"]
[White "severomorskij"]
[Black "lukas_111111"]
[Result "1/2-1/2"]
[WhiteElo "2754"]
[BlackElo "2522"]
[TimeControl "180+1"]
[EndTime "10:17:54 PDT"]
[Termination "Game drawn by repetition"]

1. d4 d5 2. c4 dxc4 3. e3 e6 4. Bxc4 Nf6 5. Nf3 c5 6. Qe2 a6 7.
dxc5 Bxc5 8. e4 Nc6 9. O-O O-O 10. e5 Nd5 11. Bd3 h6 12. a3 Nce7 13. Rd1 Ng6 14. Nc3 Ndf4 15. Bxf4 Nxf4 16. Qe4 Nxd3 17. Rxd3 Qb6 18. Qe2 Be7 19. Rad1 Qc6 20. Nd4 Qc4 21.
Qh5 Bd7 22. Rg3 Kh8 23. Nf5 exf5 24. Rxd7 Qe6 25. Rgd3 Rfd8 26. Rxd8+ Rxd8 27. Rxd8+ Bxd8 28. Qe2 Bc7 29. f4 Bb6+ 30. Kf1 g5 31. fxg5 hxg5 32.
Qh5+ Kg7 33. Qxg5+ Kf8 34. Qf4 Bc7 35. Qb4+ Kg7 36.
Qxb7 Qc4+ 37. Ne2 Bxe5 38. g3 a5 39. Qf3 Bxb2 40. Qxf5 a4 41. Qg5+ Kf8 42. Qh6+ Kg8 43. Qe3 Qb3 44. Qg5+ Kf8 45. Qd8+ Kg7 46. Qg5+ Kf8 47.
Qd8+ Kg7 48. Qg5+ Kf8 1/2-1/2

[Event "*** SCC Grand Prix: Titled Tuesday Blitz"]
[Site "Chess.com"]
[Date "2020.10.06"]
[Round "2"]
[White "Onischuk_V"]
[Black "UCantHandleDenker"]
[Result "1-0"]
[WhiteElo "2859"]
[BlackElo "2563"]
[TimeControl "180+1"]
[EndTime "10:17:55 PDT"]
[Termination "Onischuk_V won by resignation"]

1. e4 d6 2. d4 Nf6 3. Nc3 g6 4. Be2 Bg7 5. h4 c5 6. dxc5 Qa5 7. Bd2 Qxc5 8. h5 Nxh5 9. Bxh5 gxh5 10. Rxh5 Qc6 11. Nge2 Nd7 12. Rg5 Bf6 13. Rg3 Nb6 14.
Bg5 Bxg5 15. Rxg5 Be6 16. Nd4 Qc4 17. Qd3 Rc8 18. O-O-O Qxd3 19. cxd3 h6 20. Ra5 a6 21. Kd2 Kd7 22. Rh1 Rcg8 23. g3 Rg6 24. Rah5 Bg4 25.
R5h4 e5 26. Nc2 h5 27. Ne3 Rhg8 28. R1h2 Rf6 29. b3 Rf3 30. Nxg4 hxg4 31. Rh6 Ke7 32.
Nd1 Nd7 33. Ne3 Nc5 34. Nf5+ Kd7 35. Rxd6+ Kc7 36. Rd5 b6 37. Ke2 Ne6 38. Rh7 Ng5 39. Rh2 Rd8 40. Rxd8 Kxd8 41. Ne3 Ne6 42. Nxg4 Nd4+ 43.
Kd2 Ke7 44. Nxe5 Rf6 45. f4 Re6 46. Rh7 Rf6 47. f5 Kd6 48. Nxf7+ Kc5 49. Ne5 Kb4 50. Rc7 Rd6 51. Ke3 Ka3 52. Nc4+ 1-0

[Event "*** SCC Grand Prix: Titled Tuesday Blitz"]
[Site "Chess.com"]
[Date "2020.10.06"]
[Round "2"]
[White "salomez"]
[Black "andresgv36"]
[Result "0-1"]
[WhiteElo "2204"]
[BlackElo "2413"]
[TimeControl "180+1"]
[EndTime "10:17:55 PDT"]
[Termination "andresgv36 won on time"]

1. d4 Nf6 2. Bf4 g6 3. Nc3 Bg7 4. e4 d6 5. Qd2 O-O 6. h4 c5 7. d5 Qb6 8. Rb1 h5 9. Nf3 Bg4 10. Bd3 e6 11. Nh2 exd5 12. Nxg4 hxg4 13. Nxd5 Nxd5 14. exd5 Re8+ 15. Kf1 Nd7 16. h5 Nf6 17. hxg6 fxg6 18. Bxg6 Rf8 19. Bh6 Qc7 20. Bf5 Rae8 21. Be6+ Rxe6 22. dxe6 Ne4 23. Qd5 Qc6 24. Qxc6 bxc6 25. e7 Re8 26. Bxg7 Kxg7 27. Re1 d5 28. f3 Ng3+ 29. Kg1 Nxh1 30. Kxh1 gxf3 31. gxf3 Kf7 32. Kg2 Rxe7 0-1

[Event "*** SCC Grand Prix: Titled Tuesday Blitz"]
[Site "Chess.com"]
[Date "2020.10.06"]
[Round "2"]
[White "jefferyx"]
[Black "jacky72"]
[Result "1-0"]
[WhiteElo "2898"]
[BlackElo "2574"]
[TimeControl "180+1"]
[EndTime "10:17:56 PDT"]
[Termination "jefferyx won by checkmate"]

1. e4 e5 2. Nf3 Nc6 3. Nc3 Nf6 4. d4 exd4 5. Nxd4 Bb4 6. Nxc6 bxc6 7. Bd3 d5 8. exd5 O-O 9. O-O cxd5 10. h3 c6 11. Qf3 h6 12. Bf4 Bd6 13. Ne2 Rb8 14. b3 Re8 15. Rad1 Qc7 16. c4 Bxf4 17. Nxf4 Be6 18.
Rfe1 Rbd8 19. cxd5 Bxd5 20. Qg3 Rxe1+ 21. Rxe1 Re8 22.
Rxe8+ Nxe8 23. Qe3 Nf6 24. g3 g5 25. Ne2 Kg7 26. Nd4 Qd7 27. Nf5+ Kf8 28. Qc5+ Ke8 29. Qd4 Ng8 30. Qe5+ Be6 31. Qb8+ Qd8 32. Ng7+ Ke7 33.
Qxa7+ Qd7 34. Qc5+ Qd6 35. Qxd6+ Kxd6 36. Nxe6 fxe6 37.
Kg2 Nf6 38. Kf3 e5 39. a3 Kd5 40. Ke3 Nd7 41. Bc4+ Kd6 42. b4 Nb6 43. Bb3 c5 44. bxc5+ Kxc5 45. Ke4 Kd6 46. Kf5 Nd7 47. Kg6 Nc5 48.
Bc2 Kd5 49. Kxh6 Kd4 50. Kxg5 Kc3 51. Bf5 Kd2 52. h4 Ke2 53. h5 Kxf2 54. h6 e4 55.
h7 e3 56. h8=Q e2 57. Qd4+ Kf3 58. Bg4+ Kxg3 59. Qg1# 1-0

[Event "*** SCC Grand Prix: Titled Tuesday Blitz"]
[Site "Chess.com"]
[Date "2020.10.06"]
[Round "2"]
[White "Rodalquilar"]
[Black "Nikolaj_6"]
[Result "0-1"]
[WhiteElo "2786"]
[BlackElo "2549"]
[TimeControl "180+1"]
[EndTime "10:17:57 PDT"]
[Termination "Nikolaj_6 won on time"]

1. d4 d5 2. Bf4 Nf6 3. e3 c5 4. Nf3 Nc6 5. Nbd2 Bg4 6. c3 cxd4 7. exd4 e6 8. Qb3 Qc8 9. a4 Be7 10. a5 a6 11. Bd3 O-O 12. Qc2 Bh5 13. O-O Bg6 14.
Bxg6 hxg6 15. Qd3 Bd8 16. b4 Bc7 17. Bxc7 Qxc7 18. Nb3 Ne4 19. Nfd2 Nxd2 20. Qxd2 Nb8 21. Nc5 Nd7 22. f4 Qc6 23. Rf3 b6 24. axb6 Nxb6 25.
Rh3 Nd7 26. Qf2 Nxc5 27. Qh4 f6 28. dxc5 Kf7 29. Rg3 Rh8 30. Qg4 Rh6 31. Re1 Re8 32. Rge3 a5 33. Qe2 axb4 34. cxb4 Rhh8 35. Kh1 Re7 36.
b5 Qxc5 37. Rxe6 Rhe8 38. f5 gxf5 39. Qh5+ Kg8 40. Qxe8+ Rxe8 41. Rxe8+ Kf7 42. Rb8 Qc7 43. Ra8 Qb7 0-1

[Event "*** SCC Grand Prix: Titled Tuesday Blitz"]
[Site "Chess.com"]
[Date "2020.10.06"]
[Round "2"]
[White "KonstantinB_1983"]
[Black "Alexander_Kachko"]
[Result "0-1"]
[WhiteElo "2500"]
[BlackElo "2746"]
[TimeControl "180+1"]
[EndTime "10:17:57 PDT"]
[Termination "Alexander_Kachko won on time"]

1. d4 Nc6 2. Nf3 d6 3. c4 g6 4. e3 Bg7 5. Be2 Bd7 6. O-O e5 7. Nc3 h6 8. Rb1 f5 9. b4 e4 10. Nd2 Nf6 11. b5 Ne7 12. f3 exf3 13. Bxf3 Qc8 14. e4 O-O 15. Re1 fxe4 16. Ndxe4 Nxe4 17. Bxe4 Nf5 18. Ne2 c6 19. Bb2 Qc7 20. Qd3 Rae8 21. Nf4 d5 22. cxd5 Qxf4 23. dxc6 bxc6 24. bxc6 Bc8 25. g3 Qd6 26. d5 h5 27. Ba3 Qf6 28. Bxf8 Bxf8 29. Kg2 Kg7 30. Bf3 Rxe1 31. Rxe1 Bd6 32.
Re8 Ne7 33. Qe2 Bf5 34. Ra8 Bc5 35. Re8 Kf7 36. Rd8 h4 37. g4 Bc8 38. c7 h3+ 39. Kxh3 g5 40. Kg2 Ng6 41. Qc2 Nh4+ 42. Kf1 Qxf3+ 43. Ke1 Bb4+ 44. Qd2 Qe3+ 0-1

[Event "*** SCC Grand Prix: Titled Tuesday Blitz"]
[Site "Chess.com"]
[Date "2020.10.06"]
[Round "2"]
[White "JuliaEfremova"]
[Black "Legendinunknown"]
[Result "0-1"]
[WhiteElo "2337"]
[BlackElo "2637"]
[TimeControl "180+1"]
[EndTime "10:17:57 PDT"]
[Termination "Legendinunknown won by checkmate"]

1. e4 e5 2. Nf3 Nc6 3. d4 exd4 4.
Nxd4 Bc5 5. Nxc6 bxc6 6. Bc4 Qf6 7. O-O Ne7 8. Nc3 O-O 9. Na4 Bb6 10. Nxb6 axb6 11. c3 d5 12. exd5 cxd5 13. Bxd5 Nxd5 14. Qxd5 Ra5 15. Qd4 Qg6 16. Bf4 Bb7 17. Bg3 f5 18.
f3 Rd5 19. Qc4 c6 20. Rae1 Qf7 21. Rd1 f4 22. Bf2 c5 23. a3 Rfd8 24. Rde1 Rd2 25. Qxf7+ Kxf7 26. Rb1 Rc2 27. Rfc1 Rcd2 28. b4 Ba6 29. b5 Bc8 30. a4 Bf5 31. Ra1 Rb2 32.
Rd1 Re8 33. Re1 Rd8 34. Rad1 Ra8 35. Rd6 Rxa4 36. Bh4 h6 37. Rxb6 Raa2 38. Rb7+ Kg8 39. Rb8+ Kh7 40. b6 Rxg2+ 41. Kf1 Rxh2 42. Kg1 Rag2+ 43.
Kf1 Bh3 44. Ree8 Rh1# 0-1

[Event "*** SCC Grand Prix: Titled Tuesday Blitz"]
[Site "Chess.com"]
[Date "2020.10.06"]
[Round "2"]
[White "DanielDardha2005"]
[Black "Kotofeyca"]
[Result "1-0"]
[WhiteElo "2670"]
[BlackElo "2359"]
[TimeControl "180+1"]
[EndTime "10:17:58 PDT"]
[Termination "DanielDardha2005 won on time"]

1. d4 d5 2. c4 c6 3. Nc3 Nf6 4. Nf3 dxc4 5. a4 Bg4 6. Ne5 Bh5 7. Nxc4 e6 8. g3 Na6 9. Bg2 Nb4 10. O-O a5 11. f3 c5 12. Be3 Nfd5 13. Bf2 cxd4 14.
Bxd4 Rc8 15. Ne5 Nxc3 16. bxc3 Nc6 17. Nxc6 Rxc6 18. g4 Bg6 19. f4 Rc7 20. f5 exf5 21. gxf5 Bh5 22. f6 gxf6 23. Bxf6 Bc5+ 24. Kh1 Qxd1 25. Raxd1 O-O 26. Bf3 Bg6 27. h4 Be7 28. Be5 Rc5 29. Bd4 Rf5 30. e4 Rf4 31. h5 Bxe4 32. Bxe4 Rh4+ 33. Kg2 Rxe4 34. Kf3 Rxd4 35. Rxd4 Bf6 36. Rg1+ Kh8 37. Rd7 Bxc3 38. Rxb7 Bb4 39. Ke4 h6 40. Kf5 Kh7 41. Rg3 Bd6 42. Rd3 Bb4 43. Kf6 Bc5 44. Rxf7+ Rxf7+ 45. Kxf7 Bb4 46. Rd5 Bc3 47. Rc5 Bb4 48. Rc7 Bd2 49. Kf6+ Kh8 50.
Kg6 1-0

[Event "*** SCC Grand Prix: Titled Tuesday Blitz"]
[Site "Chess.com"]
[Date "2020.10.06"]
[Round "2"]
[White "Tactictic"]
[Black "annamaja"]
[Result "1-0"]
[WhiteElo "2439"]
[BlackElo "2245"]
[TimeControl "180+1"]
[EndTime "10:17:58 PDT"]
[Termination "Tactictic won by resignation"]

1. e4 e6 2. d4 d5 3. Nd2 Nf6 4. e5 Nfd7 5. Bd3 c5 6. c3 Nc6 7. Ne2 cxd4 8. cxd4 f6 9. exf6 Qxf6 10.
Nf3 h6 11. Nf4 Bb4+ 12. Kf1 O-O 13. Ng6 Rf7 14. Be3 e5 15. dxe5 Ndxe5 16. Nfxe5 Nxe5 17. Bd4 Bd6 18. Qe2 Bf5 19. Bxf5 Qxf5 20. Nxe5 Re8 21. g4 Qf4 22. Nd3 Rxe2 23. Nxf4 Re4 24. Ne2 Rxg4 25. Rd1 a6 26. Be3 Re4 27. Rxd5 Bc7 28. Rd3 Rb4 29.
Rb3 Ra4 30. Nc3 Ra5 31. Rxb7 Re5 32. Ke2 Ref5 33. Rd1 Kh7 34. Ne4 a5 35. Nd6 Bxd6 36. Rxf7 Rxf7 37. Rxd6 Rb7 38. b3 a4 39. bxa4 Rb2+ 40.
Kf3 Rxa2 41. Ra6 Ra3 42. a5 Ra4 43. Ra8 Ra3 44. a6 Ra4 45. a7 Ra3 46. Rb8 Ra4 47.
a8=Q 1-0

[Event "*** SCC Grand Prix: Titled Tuesday Blitz"]
[Site "Chess.com"]
[Date "2020.10.06"]
[Round "2"]
[White "teacher4chess"]
[Black "Ural_bogatyr"]
[Result "0-1"]
[WhiteElo "1999"]
[BlackElo "2379"]
[TimeControl "180+1"]
[EndTime "10:17:58 PDT"]
[Termination "Ural_bogatyr won on time"]

1. d4 Nf6 2. Nf3 d5 3. c4 c6 4. e3 e6 5. Nc3 Nbd7 6. Qc2 b6 7. b3 Bb7 8. cxd5 exd5 9. Bb2 Be7 10. Bd3 O-O 11. O-O c5 12. Rad1 Rc8 13. Qb1 c4 14. Bf5 g6 15. Bh3 Bd6 16. Nb5 Bb8 17. Ba3 Re8 18.
Nd6 Bxd6 19. Bxd6 Rc6 20. Ba3 Ba6 21. Rc1 Rc7 22. Rfd1 Ne4 23. Bxd7 Qxd7 24. Ne5 Qc8 25. f3 Nf6 26. Bd6 Rb7 27. bxc4 Bxc4 28. Nxc4 dxc4 29. e4 b5 30. Qb4 Qd8 31. Be5 Nd7 32. f4 Nxe5 33.
dxe5 Qb6+ 34. Kh1 Qe3 35. Qd6 Qxe4 36. Rd4 Qe3 37. Rcd1 c3 38. h3 c2 39. Rg1 c1=Q 0-1

[Event "*** SCC Grand Prix: Titled Tuesday Blitz"]
[Site "Chess.com"]
[Date "2020.10.06"]
[Round "2"]
[White "TomiLen"]
[Black "chito89"]
[Result "0-1"]
[WhiteElo "2556"]
[BlackElo "2828"]
[TimeControl "180+1"]
[EndTime "10:18:00 PDT"]
[Termination "chito89 won by resignation"]

1. c4 Nf6 2. Nc3 e5 3. Nf3 Nc6 4. d3 Bb4 5. Bd2 Bxc3 6. Bxc3 Qe7 7. e4 d6 8. g3 Bg4 9. Bg2 Nd7 10. h3 Bxf3 11. Qxf3 Nc5 12. O-O a5 13. Qd1 O-O 14.
a3 Nd4 15. f4 a4 16. Kh2 b5 17. fxe5 dxe5 18. cxb5 Rab8 19. Bb4 Rxb5 20. Rc1 Qd6 21. Rf2 Rd8 22. Rxc5 Rxc5 23. Bxc5 Qxc5 24. Qxa4 h5 25. Qc4 Qe7 26. h4 Ne6 27. Bh3 Rd4 28. Qb5 Nc5 29.
b4 Nxd3 30. Rd2 Qd8 31. a4 g6 32. a5 Nxb4 33. Rxd4 Qxd4 34. Qb8+ Kg7 35. Qxc7 Qf2+ 36. Bg2 Nd3 37. Qb6 Qe2 38. Qb5 Qd2 39. a6 Ne1 40. Qf1 Nc2 41. Kh1 Ne3 42. Qf3 Qe1+ 43. Kh2 Ng4+ 44.
Kh3 Qg1 0-1

[Event "*** SCC Grand Prix: Titled Tuesday Blitz"]
[Site "Chess.com"]
[Date "2020.10.06"]
[Round "2"]
[White "pedromartinez91"]
[Black "A-Fier"]
[Result "0-1"]
[WhiteElo "2521"]
[BlackElo "2787"]
[TimeControl "180+1"]
[EndTime "10:18:00 PDT"]
[Termination "A-Fier won by resignation"]

1. a3 g6 2. d4 Bg7 3. Nf3 Nf6 4.
Nfd2 d5 5. g3 O-O 6. Bg2 Na6 7.
O-O c5 8. c3 Bf5 9. Nf3 Rc8 10.
Be3 Ne4 11. Nbd2 Qb6 12. Nxe4 Bxe4 13. Qd2 e6 14. Rac1 c4 15. Bh3 Bxf3 16. exf3 Qc6 17. Rce1 Nc7 18. Bg5 Rfe8 19. Re2 b5 20. Rfe1 a5 21.
Bg4 b4 22. axb4 axb4 23. h4 bxc3 24. bxc3 Rb8 25. h5 Rb3 26. h6 Bh8 27. Bf4 Nb5 28. Rc1 Ra8 29. Be5 Bxe5 30. Rxe5 Qd6 31. Qf4 Nxc3 32.
Qf6 Qf8 33. Rxe6 Qxh6 34. Re7 Rf8 35. Ra1 Qg7 36. Qc6 Qxd4 37. Re8 Ne2+ 38. Kg2 Qxa1 39. Be6 Qg1+ 40. Kh3 Nf4+ 41. gxf4 Rxf3+ 42. Kh4 Qxf2+ 43. Kg5 Qg3+ 44. Kf6 Qxf4+ 45. Bf5 Qxf5+ 46. Ke7 Re3+ 47. Kd6 Rexe8 48. Qxe8 Rxe8 49. Kc7 0-1

[Event "*** SCC Grand Prix: Titled Tuesday Blitz"]
[Site "Chess.com"]
[Date "2020.10.06"]
[Round "2"]
[White "vanea_03"]
[Black "Chessdreamer2020"]
[Result "1/2-1/2"]
[WhiteElo "2682"]
[BlackElo "2439"]
[TimeControl "180+1"]
[EndTime "10:18:00 PDT"]
[Termination "Game drawn by repetition"]

1. c4 d6 2. d4 e5 3. Nf3 e4 4. Ng5 f5 5. g3 Be7 6. Nh3 Nf6 7. Bg2 O-O 8. Nc3 c6 9. d5 Nbd7 10. O-O Ne5 11. b3 cxd5 12. Nxd5 Be6 13. Ng5 Bf7 14.
Nxf7 Rxf7 15. Bb2 Bf8 16. Nxf6+ Qxf6 17. Qd2 Re8 18. Rad1 Rd7 19. Kh1 b6 20. f4 exf3 21. exf3 Qd8 22. f4 Ng4 23. Rfe1 Kh8 24. h3 Rxe1+ 25.
Rxe1 Nf6 26. Qd3 Ne4 27. Bxe4 fxe4 28. Rxe4 d5 29. Rd4 Qe8 30. Rxd5 Qe1+ 31. Kg2 Bc5 32. h4 Qf2+ 33. Kh3 Rxd5 34. cxd5 Qxb2 35. d6 Qf6 36. d7 Qd8 37. h5 Be7 38. Qd5 Bf6 39. Qe6 h6 40.
Qe8+ Kh7 41. g4 Qe7 42. Qg6+ Kg8 43. Qe8+ Kh7 44. Qg6+ Kg8 45. Qe8+ Kh7 1/2-1/2

[Event "*** SCC Grand Prix: Titled Tuesday Blitz"]
[Site "Chess.com"]
[Date "2020.10.06"]
[Round "2"]
[White "GelmanAlexander"]
[Black "ARTHURMOTIVATOR"]
[Result "1-0"]
[WhiteElo "2559"]
[BlackElo "2321"]
[TimeControl "180+1"]
[EndTime "10:18:00 PDT"]
[Termination "GelmanAlexander won by checkmate"]

1. d4 Nf6 2. Nc3 d5 3. Bf4 c6 4. f3 b5 5. a3 e6 6. e4 b4 7.
axb4 Bxb4 8. Qd3 a5 9. Qe3 O-O 10. Bg5 h6 11. Bh4 Ng4 12. fxg4 Qxh4+ 13. g3 Qd8 14.
Bg2 c5 15. O-O-O cxd4 16. Qxd4 Nc6 17. Qf2 Bxc3 18. bxc3 Qg5+ 19. Qf4 Qe7 20. exd5 exd5 21. Bxd5 Qa3+ 22. Kd2 Bb7 23. Ne2 Rad8 24. Ke1 Rxd5 25.
Rxd5 Nb4 26. cxb4 Bxd5 27. Rf1 axb4 28. Kf2 Qa7+ 29. Qe3 Qd7 30. Nf4 Bb7 31. Qb6 Qd2+ 32.
Kg1 Ba8 33. h3 Qxc2 34. Qxb4 Qc6 35. Qd4 Qh1+ 36. Kf2 Qh2+ 37. Ke3 Qxg3+ 38. Kd2 Qh2+ 39. Rf2 Qg3 40. Nh5 Qxf2+ 41. Qxf2 Rd8+ 42. Ke1 f6 43.
Qa7 Bd5 44. Qxg7# 1-0